 Dungeon Crawl Stone Soup version 0.20.1-1-g8b1a95d (webtiles) character file.

13022 Lanoc the Fighter (level 11, -1/99 HPs)
             Began as a Demonspawn Chaos Knight on Dec 8, 2017.
             Slain by an eight-headed hydra (11 damage)
             ... on level 13 of the Dungeon.
             The game lasted 01:18:31 (14396 turns).

Lanoc the Fighter (Demonspawn Chaos Knight)        Turns: 14396, Time: 01:18:33

Health: -1/99      AC:  7    Str: 17    XL:     11   Next: 70%
Magic:  0/11       EV: 14    Int: 13    God:    Xom [......]
Gold:   1291       SH:  9    Dex: 16    Spells: 10/10 levels left

rFire    + + .     SeeInvis .   G - +7 long sword of the Vanishing Emperors {chaos, *Contam +Fly rElec}
rCold    . . .     Gourm    .   J - +0 shield
rNeg     . . .     Faith    .   B - +1 ring mail {rF+}
rPois    .         Spirit   +   (helmet restricted)
rElec    +         Reflect  .   t - scarf {repulsion}
rCorr    .         Harm     .   (no gloves)
MR       +....                  (no boots)
Stlth    +.........             (no amulet)
Regen    0.3/turn               C - ring of protection from fire
MPRegen  0.3/turn               (no ring)

@: repel missiles
A: antennae 2, claws 2, talons 2, agile 1, demonic guardian 1, magic resistance
1, robust 1, strong 1, wild magic 1, magic shield, magic regeneration
a: Renounce Religion, Evoke Flight


You were on level 13 of the Dungeon.
You worshipped Xom.
You were a very special plaything of Xom.
You were not hungry.

You visited 1 branch of the dungeon, and saw 14 of its levels.

You collected 1291 gold pieces.

Inventory:

Hand Weapons
 F - a +2 vampiric falchion
 G - the +7 long sword of the Vanishing Emperors (weapon) {chaos, *Contam +Fly rElec}
   (Xom gifted it to you on level 9 of the Dungeon)

   Each time it hits an enemy it has a different, random effect.
   It insulates you from electricity.
   It lets you fly.
   It causes magical contamination when unequipped.
Armour
 t - a scarf of repulsion (worn)
 B - a +1 ring mail of fire resistance (worn)
 J - a +0 shield (worn)
Magical Staves
 D - an uncursed staff of earth
 N - an uncursed staff of fire {unknown}
Jewellery
 C - a ring of protection from fire (left claw)
Wands
 a - a wand of digging (11/24)
 b - a wand of paralysis (13/24)
 d - a wand of acid (15/15)
 i - a wand of paralysis (12/24)
 m - a wand of confusion (22/48)
 x - a wand of iceblast (6/15)
 y - a wand of flame (23/48)
 A - a wand of flame (25/48)
 I - a wand of enslavement (10/24)
 O - a wand of lightning (11/15)
Scrolls
 e - 5 scrolls of identify
 f - 3 scrolls of fear
 g - a scroll of immolation
 j - 4 scrolls of amnesia
 n - a scroll of teleportation
 p - 4 scrolls of magic mapping
 z - 2 scrolls of recharging
 L - a scroll of enchant armour {unknown}
Potions
 h - a potion of berserk rage
 o - 3 potions of magic
 s - a potion of ambrosia
 E - a potion of curing
 K - a potion of brilliance
 M - a potion of resistance
 P - a potion of might {unknown}
Books
 q - a book of Minor Magic

   Spells                             Type                      Level
   a - Magic Dart                     Conjuration                  1
   b - Blink                          Translocation                2
   c - Call Imp                       Summoning                    2
   d - Slow                           Hexes                        2
   e - Conjure Flame                  Conjuration/Fire             3
   f - Mephitic Cloud                 Conjuration/Poison/Air       3
 v - a book of Misfortune

   Spells                             Type                      Level
   a - Confusing Touch                Hexes                        1
   b - Confuse                        Hexes                        3
   c - Gell's Gravitas                Translocation                3
   d - Petrify                        Transmutation/Earth          4
   e - Metabolic Englaciation         Hexes/Ice                    5
   f - Yara's Violent Unravelling     Hexes/Transmutation          5
 w - a book of Necromancy

   Spells                             Type                      Level
   a - Pain                           Necromancy                   1
   b - Animate Skeleton               Necromancy                   1
   c - Vampiric Draining              Necromancy                   3
   d - Regeneration                   Charms/Necromancy            3
   e - Animate Dead                   Necromancy                   4
   f - Control Undead                 Necromancy                   4
Miscellaneous
 l - a phantom mirror
Comestibles
 c - 12 bread rations
 k - 8 royal jellies
 u - a meat ration


   Skills:
 + Level 9.7 Fighting
 + Level 8.8 Long Blades
 - Level 0.5 Staves
 + Level 8.6 Armour
 + Level 8.7 Dodging
 + Level 4.2 Shields


You had 10 spell levels left.
You didn't know any spells.

Dungeon Overview and Level Annotations

Branches:
Dungeon (14/15)            Temple (0/1) D:6            Lair (0/6) D:8
    Orc: D:9-12      Vaults: D:13-14

Altars:
Elyvilon
Gozag
Hepliaklqana
Qazlal
Trog
Xom
Yredelemnul

Shops:
D:5 %   D:12 [

Annotations:
D:7 bmj180's ghost, novice HuFi
D:12 Kingsmith's ghost, journeyman FeBe


Innate Abilities, Weirdness & Mutations

You have a pair of antennae on your head.
You have very sharp fingernails.
You have razor-sharp toenails.
A weak demonic guardian rushes to your aid.
When hurt, damage is shared between your health and your magic reserves.
You regenerate magic rapidly.
You are agile. (Dex +2)
You are resistant to hostile enchantments. (MR+)
You are robust. (+10% HP)
Your muscles are strong. (Str +2)
Your spells are a little harder to cast, but a little more powerful.


Message History

The eight-headed hydra bites you but does no damage.
The eight-headed hydra barely misses you.
The eight-headed hydra bites you.
* * * LOW HITPOINT WARNING * * *
Your iron imp hits the eight-headed hydra!
A crimson imp comes into view.
The crimson imp shouts!
The eight-headed hydra bites you.
* * * LOW HITPOINT WARNING * * *
The eight-headed hydra bites you.
* * * LOW HITPOINT WARNING * * *
The eight-headed hydra bites you.
* * * LOW HITPOINT WARNING * * *
The eight-headed hydra bites you but does no damage.
You block the eight-headed hydra's attack.
The eight-headed hydra bites you.
* * * LOW HITPOINT WARNING * * *
The eight-headed hydra bites you!
You die...
Xom titters!

.).(........................#####
............................#
..........................[.#
................5...........#####
.................................
...##########....................
#..# #...#########.#######
#..##########...D.........#######
................@................
............................#####
######......................#
#....5.................#
#..................†...#
#......................#####
######...........................
.....<..^........................
......................###########


You could see an eight-headed hydra and a crimson imp.

Vanquished Creatures
  A hydra (D:12)
  A centaur warrior (D:13)
  2 two-headed ogres
  A deep elf mage (D:12)
  A manticore (D:10)
  An ugly thing (D:11)
  A centaur skeleton (D:11)
  A polar bear (D:8)
  2 hippogriffs (D:10)
  4 wyverns
  4 yaks
  A spriggan (D:9)
  The ghost of broninjaking the Skirmisher, an amateur DsFi (D:4)
  Menkaure (D:5)
  3 vampire mosquitoes (D:13)
  A soldier ant (D:13)
  A hungry ghost (D:13)
  6 orc warriors
  3 sky beasts
  2 black bears
  3 ice beasts
  A phantom (D:5)
  4 ogres
  6 centaurs
  A crocodile (D:11)
  9 bullfrogs
  A big kobold (D:4)
  2 scorpions
  6 killer bees
  4 wights (D:8)
  10 howler monkeys
  3 electric eels (D:7)
  A bullfrog zombie (D:11)
  10 crimson imps
  2 centaur zombies
  3 quasits
  4 hounds
  7 orc priests
  Crazy Yiuf (D:5)
  5 bullfrog skeletons
  A gnoll shaman (D:8)
  3 iguanas
  8 orc wizards
  6 worker ants
  A hound zombie (D:5)
  A hound skeleton (D:5)
  A worker ant zombie (D:6)
  6 gnolls
  11 adders
  3 shadow imps
  3 adder skeletons
  A worm (D:6)
  A dart slug (D:3)
  3 leopard geckos (D:7)
  42 orcs
  2 ball pythons
  5 giant cockroaches
  5 hobgoblins
  3 jackals
  3 quokkas
  5 bats
  5 frilled lizards
  11 goblins
  14 kobolds
  A leopard gecko zombie (D:7)
  9 rats
275 creatures vanquished.

Vanquished Creatures (collateral kills)
  2 centaur skeletons (D:13)
  A troll (D:13)
  A hippogriff (D:8)
  A hungry ghost (D:11)
  A sky beast (D:8)
  2 ogres
  A phantom (D:4)
  A centaur (D:5)
  A crimson imp (D:7)
  An orc priest (D:3)
  A hound zombie (D:7)
  A hound skeleton (D:4)
  4 gnolls
  An adder (D:12)
  A leopard gecko (D:8)
  7 orcs
  A goblin (D:3)
  A frilled lizard (D:3)
  A kobold (D:3)
  A quokka skeleton (D:4)
31 creatures vanquished.

Vanquished Creatures (others)
  A plant (D:7)
1 creature vanquished.

Grand Total: 307 creatures vanquished

Notes
Turn   | Place    | Note
-------+----------+-------------------------------------------
     0 | D:1      | Lanoc the Demonspawn Chaos Knight began the quest for the Orb.
     0 | D:1      | Reached XP level 1. HP: 18/18 MP: 1/1
    10 | D:1      | Noticed an ogre
    15 | D:1      | Reached skill level 1 in Dodging
    42 | D:1      | XOM: divination: detect creatures
   191 | D:1      | XOM: harmless Hex miscast
   421 | D:1      | Gained mutation: A weak demonic guardian rushes to your aid. [demonic ancestry]
   421 | D:1      | Reached XP level 2. HP: 24/24 MP: 2/2
   447 | D:1      | XOM: 2-stop teleportation journey
   811 | D:1      | XOM: scenery: create altars
   931 | D:1      | XOM: smoke on damage
  1375 | D:1      | Gained mutation: You have a pair of small antennae on your head. [demonic ancestry]
  1375 | D:1      | Reached XP level 3. HP: 22/29 MP: 3/3
  1384 | D:1      | XOM: silly message
  1576 | D:2      | XOM: 2-stop teleportation journey
  2169 | D:2      | XOM: mild Pois miscast
  2248 | D:2      | XOM: god gift: 52 gold pieces
  2271 | D:2      | Reached XP level 4. HP: 19/36 MP: 4/4
  2414 | D:3      | XOM: summons 3 friendly demons
  2452 | D:3      | Reached XP level 5. HP: 35/42 MP: 5/5
  2457 | D:3      | XOM: give mutations
  2457 | D:3      | Gained mutation: You are robust. (+10% HP) [Xom's grace]
  2457 | D:3      | Gained mutation: You are agile. (Dex +2) [Xom's grace]
  2457 | D:3      | Gained mutation: You are resistant to hostile enchantments. (MR+) [Xom's grace]
  2457 | D:3      | Gained mutation: Your muscles are strong. (Str +2) [Xom's grace]
  2469 | D:3      | XOM: summons friendly white imp
  2471 | D:3      | XOM: cast spell 'Summon Small Mammal'
  2485 | D:2      | Reached skill level 4 in Fighting
  2826 | D:3      | Gained mutation: You have sharp fingernails. [demonic ancestry]
  2826 | D:3      | Reached XP level 6. HP: 51/52 MP: 6/6
  2880 | D:3      | XOM: enchant monster (good)
  3468 | D:4      | XOM: noise
  3487 | D:4      | XOM: medium Erth miscast
  3856 | D:4      | XOM: god gift: 610 gold pieces
  3905 | D:4      | XOM: polymorph orc -> ball python
  3936 | D:4      | Gained mutation: When hurt, damage is shared between your health and your magic reserves. [demonic ancestry]
  3936 | D:4      | Reached XP level 7. HP: 52/60 MP: 7/7
  4067 | D:4      | Noticed broninjaking's ghost (amateur DsFi)
  4207 | D:4      | XOM: scenery: 1 doors open
  4255 | D:4      | XOM: harmless Hex miscast
  4441 | D:4      | Killed broninjaking's ghost
  4512 | D:4      | XOM: cast spell 'Cause Fear'
  4532 | D:4      | Reached skill level 5 in Fighting
  4649 | D:5      | Entered Level 5 of the Dungeon
  4690 | D:5      | Found Hibruux's Food Shoppe.
  4831 | D:5      | XOM: harmless Fire miscast
  4902 | D:5      | XOM: blink monster(s)
  5000 | D:5      | Noticed Menkaure
  5010 | D:5      | Killed Menkaure
  5010 | D:5      | Reached skill level 5 in Long Blades
  5010 | D:5      | Gained mutation: You have sharp toenails. [demonic ancestry]
  5010 | D:5      | Reached XP level 8. HP: 58/69 MP: 6/8
  5232 | D:5      | Found a runed door.
  5643 | D:5      | Noticed Crazy Yiuf
  5650 | D:5      | Killed Crazy Yiuf
  5894 | D:6      | Reached skill level 6 in Fighting
  5899 | D:6      | Reached skill level 5 in Armour
  5937 | D:6      | XOM: harmless Erth miscast
  6070 | D:6      | Found a staircase to the Ecumenical Temple.
  6413 | D:7      | Noticed bmj180's ghost (novice HuFi)
  6523 | D:7      | XOM: 1-stop teleportation journey
  6526 | D:7      | XOM: mild Tmut miscast
  6530 | D:7      | XOM: cast spell 'Necromutation'
  6561 | D:7      | XOM: mild Pois miscast
  6565 | D:7      | Reached skill level 5 in Dodging
  6609 | D:7      | XOM: mild Ice miscast
  6641 | D:7      | XOM: confuse monster(s)
  6709 | D:7      | XOM: cast spell 'Summon Small Mammal'
  6710 | D:7      | XOM: polymorph iron imp -> shadow imp
  6713 | D:7      | XOM: polymorph shadow imp -> iron imp
  6792 | D:7      | XOM: scenery: create altars
  6794 | D:7      | XOM: potion effect (invisibility)
  6943 | D:7      | XOM: give mutations
  6943 | D:7      | Gained mutation: You have very sharp fingernails. [Xom's grace]
  6943 | D:7      | Gained mutation: You have razor-sharp toenails. [Xom's grace]
  6943 | D:7      | Gained mutation: Your spells are a little harder to cast, but a little more powerful. [Xom's grace]
  7047 | D:7      | Found a stormy altar of Qazlal.
  7050 | D:7      | Found an opulent altar of Gozag.
  7053 | D:7      | Found a bloodstained altar of Trog.
  7072 | D:7      | XOM: noise
  7081 | D:7      | XOM: cast spell 'Summon Small Mammal'
  7261 | D:7      | XOM: enchant monster (bad)
  7299 | D:7      | Mutation became permanent: You have sharp toenails. [demonic ancestry]
  7299 | D:7      | Gained mutation: You have razor-sharp toenails. [demonic ancestry]
  7299 | D:7      | Reached XP level 9. HP: 50/78 MP: 6/9
  7370 | D:7      | XOM: noise
  7634 | D:7      | XOM: mild Ice miscast
  7656 | D:7      | XOM: potion effect (agility)
  7715 | D:7      | XOM: noise
  7860 | D:7      | XOM: medium Tloc miscast
  8105 | D:7      | XOM: confuse monster(s)
  8119 | D:7      | XOM: harmless Conj miscast
  8129 | D:7      | XOM: divination: detect creatures
  8196 | D:8      | XOM: harmless Fire miscast
  8450 | D:8      | XOM: cast spell 'Summon Mana Viper'
  8455 | D:8      | Reached skill level 7 in Fighting
  8522 | D:8      | XOM: enchant monster (bad)
  8552 | D:8      | Found a staircase to the Lair.
  8552 | D:8      | Noticed a troll
  8557 | D:8      | XOM: confuse monster(s)
  8567 | D:8      | Noticed a polar bear
  8567 | D:8      | a troll changed into a polar bear
  8570 | D:8      | Killed a polar bear
  8719 | D:8      | XOM: divination: detect items
  8764 | D:8      | XOM: harmless Summ miscast
  8810 | D:8      | XOM: harmless Tmut miscast
  8818 | D:8      | XOM: cast spell 'Call Canine Familiar'
  8939 | D:8      | Noticed a two-headed ogre
  8979 | D:8      | XOM: confuse monster(s)
  8999 | D:8      | XOM: summons friendly iron imp
  9001 | D:8      | Killed a two-headed ogre
  9001 | D:8      | Gained mutation: You regenerate magic rapidly. [demonic ancestry]
  9001 | D:8      | Reached XP level 10. HP: 88/88 MP: 10/10
  9211 | D:9      | Found a basalt altar of Yredelemnul.
  9265 | D:9      | Found a white marble altar of Elyvilon.
  9383 | D:9      | Reached skill level 8 in Fighting
  9405 | D:9      | XOM: potion effect (magic)
  9612 | D:9      | XOM: silly message
  9807 | D:9      | XOM: god gift: transparent long sword {god gift}
  9808 | D:9      | Got a transparent long sword {god gift}
  9809 | D:9      | Identified the +7 long sword of the Vanishing Emperors {chaos, *Contam +Fly rElec} (Xom gifted it to you on level 9 of the Dungeon)
  9869 | D:9      | XOM: scenery: create altars
 10074 | D:10     | Entered Level 10 of the Dungeon
 10168 | D:10     | XOM: harmless Tloc miscast
 10223 | D:10     | XOM: harmless Summ miscast
 10489 | D:10     | Reached skill level 1 in Shields
 10580 | D:10     | XOM: summons 1 hostile demon
 10644 | D:10     | Noticed a manticore
 10650 | D:10     | XOM: enchant monster (good)
 10651 | D:10     | XOM: confuse monster(s)
 10671 | D:10     | Killed a manticore
 10768 | D:10     | XOM: harmless Fire miscast
 11295 | D:10     | XOM: medium Pois miscast
 11714 | D:11     | XOM: summons 8 friendly demons
 11904 | D:11     | XOM: mild Necr miscast
 11942 | D:11     | XOM: 2-stop teleportation journey
 12169 | D:11     | XOM: summons 4 hostile demons
 12214 | D:11     | XOM: draining
 12379 | D:12     | Noticed a deep elf mage
 12389 | D:12     | Killed a deep elf mage
 12389 | D:12     | Reached skill level 9 in Fighting
 12389 | D:12     | Gained mutation: You have a pair of antennae on your head. [demonic ancestry]
 12389 | D:12     | Reached XP level 11. HP: 93/96 MP: 9/11
 12713 | D:11     | XOM: harmless Necr miscast
 12719 | D:12     | Noticed a five-headed hydra
 12784 | D:11     | Noticed a brown ugly thing
 12786 | D:11     | XOM: confuse monster(s)
 12795 | D:11     | Killed a brown ugly thing
 12862 | D:12     | Noticed an eight-headed hydra
 12895 | D:11     | XOM: divination: detect creatures
 12925 | D:11     | XOM: mild Pois miscast
 12944 | D:12     | Noticed a two-headed ogre
 12951 | D:12     | XOM: mild Summ miscast
 12956 | D:12     | Found Zoawk's Armour Shop.
 12962 | D:12     | Noticed a four-headed hydra
 12985 | D:12     | Killed a seven-headed hydra
 13015 | D:12     | Noticed an eight-headed hydra
 13020 | D:12     | Noticed a centaur warrior
 13300 | D:14     | XOM: mild Air miscast
 13424 | D:13     | XOM: destruction
 13628 | D:13     | XOM: silly message
 13639 | D:13     | Noticed a centaur warrior
 13647 | D:13     | Killed a centaur warrior
 13727 | D:13     | XOM: noise
 13732 | D:13     | XOM: cast spell 'Summon Ice Beast'
 13824 | D:13     | XOM: mild Chrm miscast
 13839 | D:13     | Found a hazy altar of Hepliaklqana.
 13962 | D:13     | Noticed a fire crab
 13962 | D:13     | a yak changed into a fire crab
 13962 | D:13     | XOM: polymorph yak -> fire crab
 13966 | D:13     | XOM: summons 5 hostile demons
 14154 | D:13     | Killed a two-headed ogre
 14375 | D:12     | Noticed a harpy
 14375 | D:12     | Noticed Kingsmith's ghost (journeyman FeBe)
 14376 | D:12     | XOM: butterfly on damage
 14396 | D:13     | Slain by an eight-headed hydra

Skill      XL: |  1  2  3  4  5  6  7  8  9 10 11 |
---------------+----------------------------------+-----
Dodging        | 1 2 3 4 5 6 7 8 |  8.7
Long Blades    | 3 4 5 7 8 |  8.8
Armour         | 2 3 4 5 6 7 8 |  8.6
Fighting       | 4 5 6 7 9 |  9.7
Shields        | 2 4 |  4.2
Staves         | |  0.5

Action                   |  1- 3 |  4- 6 |  7- 9 | 10-12 || total
-------------------------+-------+-------+-------+-------++-------
Melee: Falchion          |   117 |   128 |   434 |    59 ||   738
       Kick              |       |       |   144 |   136 ||   280
       Quarterstaff      |       |       |    21 |       ||    21
       Long sword        |       |       |       |   294 ||   294
Evoke: Wand              |       |       |       |     2 ||     2
  Use: Scroll            |       |     4 |    10 |     9 ||    23
       Potion            |       |     2 |     5 |     7 ||    14
 Stab: Petrifying        |     2 |       |     4 |     1 ||     7
       Paralysed         |       |     2 |     1 |    10 ||    13
       Confused          |       |     1 |     1 |     1 ||     3
       Distracted        |       |       |     6 |       ||     6
       Petrified         |       |       |     2 |     1 ||     3
  Eat: Bread ration      |     1 |       |       |       ||     1
       Chunk             |       |     5 |    16 |    12 ||    33
       Fruit             |       |       |     1 |     4 ||     5
       Meat ration       |       |       |     1 |     1 ||     2
       Royal jelly       |       |       |       |     1 ||     1
Armor: Leather armour    |    52 |    41 |    61 |       ||   154
       Skin              |       |       |    25 |       ||    25
       Ring mail         |       |       |    27 |    91 ||   118
       Chain mail        |       |       |       |    38 ||    38
Dodge: Dodged            |    92 |   103 |   271 |   242 ||   708
       Deflected         |       |       |     9 |     8 ||    17
Block: Shield            |       |       |       |   139 ||   139
       Rpst.: Falchion   |    24 |    31 |    71 |    10 ||   136
       Long sword        |       |       |       |    55 ||    55
